 Dungeon Sprint DCSS version 0.30-a0-1161-g0704695555 (webtiles) character file.

Game seed: 11247801252731510531

2900000 123456 the Grand Master (level 19, -103/189 HPs)
             Began as a Demonspawn Gladiator on Apr 27, 2023.
             Was the Champion of Makhleb.
             Annihilated by a destroyer
             ... wielding a +9 heavy great sword
              (104 damage)
             ... in the Dungeon (Sprint VIII: "Arena of Blood").
             The game lasted 00:00:50 (29 turns).

123456 the Grand Master (Demonspawn Gladiator)        Turns: 29, Time: 00:00:51

Health: -103/189   AC:  8    Str: 16    XL:     19   Next: 17%
Magic:  19/19      EV: 39    Int:  9    God:    Makhleb [******]
Gold:   0          SH:  0    Dex: 22    Spells: 18/18 levels left

rFire   . . .        k - +∞ Axe of Woe
rCold   . . .        (shield currently unavailable)
rNeg    . . .        a - +0 leather armour
rPois   .            (helmet unavailable)
rElec   .            (no cloak)
rCorr   .            (no gloves)
SInv    +            (no boots)
Will    +....        (no amulet)
Stlth   ++           (no ring)
HPRegen 0.51/turn    (no ring)
MPRegen 0.16/turn

%: no teleportation
@: mighty, agile
A: antennae 3, powered by pain 3, spiny 3, sharp scales 2
a: Renounce Religion, Minor Destruction, Lesser Servant of Makhleb, Major
Destruction, Greater Servant of Makhleb


You were in the Dungeon.
You worshipped Makhleb.
Makhleb was exalted by your worship.
You visited 1 branch

Inventory:

Hand Weapons
 k - the +∞ Axe of Woe (weapon)
   (You found it in the Dungeon)
Missiles
 c - 3 throwing nets (quivered)
 d - a javelin
Armour
 a - a +0 leather armour (worn)
 b - a +0 helmet
Scrolls
 j - a scroll of blinking
Potions
 e - a potion of curing
 f - a potion of heal wounds
 g - a potion of haste
 h - 2 potions of magic
 i - a potion of berserk rage


   Skills:
 O Level 27 Fighting
 O Level 27 Axes
 O Level 27 Throwing
 + Level 23.0 Armour
 O Level 27 Dodging
 O Level 27 Unarmed Combat


You had 18 spell levels left.
You didn't know any spells.
Your spell library was empty.

Dungeon Overview and Level Annotations

Branches:
Dungeon (1/1)

Altars:
Makhleb

Annotations:
D The Servant


Innate Abilities, Weirdness & Mutations

You have a pair of large antennae on your head. (SInv)
You are powered by pain.
You are completely covered in sharp spines.
You are mostly covered in razor-sharp scales. (AC +2, Slay +2)


Message History

You are engulfed in blazing flames.
You hear a shout! x2
A meat berserker comes into view. It is wielding a +9 battleaxe.
A bag of meat comes into view. It is wielding a +9 war axe.
You hear a shout! x2
Your Armour skill gained 4 levels and is now at level 21!
You have reached level 19!
Your demonic ancestry asserts itself...
Sharp scales spread over more of your body.
Unknown command.
Unknown command.
Unknown command.
You hit the bag of meat.
You fatally mangle the bag of meat.
You kill the bag of meat!
Makhleb accepts your kill.
You feel better.
The sculptor of flesh appears out of thin air!
A sculptor of flesh comes into view. It is wielding a +9 great sword.
You hear a shout!
A bag of meat comes into view. It is wielding a +9 war axe.
You hear a shout! x2
Your Armour skill gained 2 levels and is now at level 23!
Unknown command.
Unknown command.
Unknown command.
Unknown command.
Really walk into that cloud of flame?
A bag of meat comes into view. It is wielding a +9 war axe.
You are engulfed in blazing flames.
The bag of meat shouts!
You hear a shout! x3
A meat berserker comes into view. It is wielding a +9 battleaxe.
The large bag of meat hits you with a +9 giant spiked club!!!!
* * * LOW HITPOINT WARNING * * *
You focus on the pain.
You feel very mighty all of a sudden.
The large bag of meat hits you with a +9 giant spiked club!!!
* * * LOW HITPOINT WARNING * * *
The destroyer hits you with a +9 heavy great sword!!!!
Ouch! That really hurt!
You die...

...............
o.....o.#.#.....
O...z..o........
...oz.o.........
.....o..o.......
.....o.....o....
...O.oOVOo.....
#...@§§§#
#...§)§)# ..
.###....§§§###...
......###)O......
......._.))......
....#..{{.#.o....
....#{.<._#......
... #....z#......
...O._.........


You could see a destroyer, 2 sculptors of flesh, 2 large bags of meat, 3 meat
berserkers and 12 bags of meat.

Vanquished Creatures
  A vampire knight (D)
  8 ogres (D)
  2 two-headed ogres (D)
  18 orcs (D)
29 creatures vanquished.

Notes
Turn   | Place    | Note
-------+----------+-------------------------------------------
     0 | D        | Found the +∞ Axe of Woe
     0 | D        | 123456 the Demonspawn Gladiator began the quest for the
                  | Orb.
     0 | D        | Reached XP level 1. HP: 16/16 MP: 1/1
     1 | D        | Noticed a meat berserker
     2 | D        | Noticed a bag of meat
     4 | D        | Became a worshipper of Makhleb the Destroyer
     5 | D        | Noticed a bag of meat
     5 | D        | Noticed a bag of meat
     6 | D        | Noticed a bag of meat
     8 | D        | Killed a meat berserker
     9 | D        | Reached skill level 10 in Fighting
     9 | D        | Gained mutation: You sometimes gain a little power by
                  | taking damage. [demonic ancestry]
     9 | D        | Reached XP level 2. HP: 36/36 MP: 2/2
     9 | D        | Reached XP level 3. HP: 42/42 MP: 3/3
     9 | D        | Gained mutation: You sometimes gain power by taking damage.
                  | [demonic ancestry]
     9 | D        | Reached XP level 4. HP: 49/49 MP: 4/4
     9 | D        | Reached XP level 5. HP: 54/54 MP: 5/5
     9 | D        | Gained mutation: You have a pair of small antennae on your
                  | head. [demonic ancestry]
     9 | D        | Reached XP level 6. HP: 61/61 MP: 6/6
     9 | D        | Reached XP level 7. HP: 67/67 MP: 7/7
     9 | D        | Reached XP level 8. HP: 74/74 MP: 8/8
     9 | D        | Gained mutation: You have a pair of antennae on your head.
                  | [demonic ancestry]
     9 | D        | Reached XP level 9. HP: 79/79 MP: 9/9
     9 | D        | Gained mutation: You are partially covered in sharp spines.
                  | [demonic ancestry]
     9 | D        | Reached XP level 10. HP: 86/86 MP: 10/10
     9 | D        | Reached XP level 11. HP: 92/92 MP: 11/11
     9 | D        | Killed a bag of meat
     9 | D        | Reached * piety under Makhleb
     9 | D        | Killed a bag of meat
    10 | D        | Gained mutation: You are mostly covered in sharp spines.
                  | [demonic ancestry]
    10 | D        | Reached XP level 12. HP: 103/103 MP: 12/12
    10 | D        | Gained mutation: You have a pair of large antennae on your
                  | head. (SInv) [demonic ancestry]
    10 | D        | Reached XP level 13. HP: 109/109 MP: 13/13
    10 | D        | Killed a bag of meat
    10 | D        | Killed a bag of meat
    10 | D        | Reached ** piety under Makhleb
    10 | D        | Noticed a meat berserker
    11 | D        | Noticed a bag of meat
    11 | D        | Noticed a bag of meat
    11 | D        | Noticed a bag of meat
    11 | D        | Noticed a bag of meat
    11 | D        | Noticed a meat berserker
    12 | D        | Killed a bag of meat
    12 | D        | Noticed a meat berserker
    12 | D        | Noticed a bag of meat
    13 | D        | Reached XP level 14. HP: 121/121 MP: 14/14
    13 | D        | Noticed a bag of meat
    13 | D        | Noticed a bag of meat
    13 | D        | Noticed a bag of meat
    14 | D        | Noticed a meat berserker
    14 | D        | Killed a bag of meat
    14 | D        | Noticed a bag of meat
    15 | D        | Reached skill level 15 in Fighting
    15 | D        | Reached skill level 10 in Axes
    15 | D        | Killed a meat berserker
    15 | D        | Reached *** piety under Makhleb
    15 | D        | Killed a bag of meat
    15 | D        | Noticed a meat berserker
    15 | D        | Noticed a bag of meat
    16 | D        | Gained mutation: You are completely covered in sharp
                  | spines. [demonic ancestry]
    16 | D        | Reached XP level 15. HP: 39/134 MP: 15/15
    16 | D        | Killed a meat berserker
    16 | D        | Reached **** piety under Makhleb
    16 | D        | Killed a meat berserker
    17 | D        | Reached skill level 15 in Throwing
    17 | D        | Reached XP level 16. HP: 139/147 MP: 16/16
    17 | D        | Noticed a meat berserker
    18 | D        | Killed a meat berserker
    18 | D        | Noticed a meat berserker
    18 | D        | Noticed a large bag of meat
    18 | D        | Noticed a destroyer
    19 | D        | Reached ***** piety under Makhleb
    20 | D        | Reached skill level 27 in Unarmed Combat
    20 | D        | Killed a meat berserker
    20 | D        | Noticed a large bag of meat
    21 | D        | Reached skill level 27 in Dodging
    21 | D        | Gained mutation: You are powered by pain. [demonic
                  | ancestry]
    21 | D        | Reached XP level 17. HP: 165/165 MP: 17/17
    21 | D        | Noticed a large bag of meat
    22 | D        | Noticed a large bag of meat
    22 | D        | Killed a destroyer
    23 | D        | Reached skill level 27 in Axes
    23 | D        | Killed a meat berserker
    23 | D        | Reached ****** piety under Makhleb
    23 | D        | Killed a meat berserker
    23 | D        | Noticed a large bag of meat
    24 | D        | Reached skill level 27 in Fighting
    24 | D        | Gained mutation: You are partially covered in razor-sharp
                  | scales. (AC +1, Slay +1) [demonic ancestry]
    24 | D        | Reached XP level 18. HP: 182/182 MP: 18/18
    24 | D        | Killed a large bag of meat
    25 | D        | Killed a large bag of meat
    25 | D        | Noticed The Servant
    25 | D        | Noticed a meat berserker
    26 | D        | Reached skill level 27 in Throwing
    26 | D        | Noticed a destroyer
    27 | D        | Noticed a sculptor of flesh
    27 | D        | Noticed a meat berserker
    28 | D        | Gained mutation: You are mostly covered in razor-sharp
                  | scales. (AC +2, Slay +2) [demonic ancestry]
    28 | D        | Reached XP level 19. HP: 147/189 MP: 19/19
    29 | D        | Noticed a meat berserker
    29 | D        | HP: 1/189 [large bag of meat/+9 giant spiked club (52)]
    29 | D        | Annihilated by a destroyer

Illustrated notes

Levels and vault maps discovered:
D:        meatsprint

Skill      XL: |  1  2  3  4  5  6  7  8  9 10 11 12 13 14 15 16 17 18 19 |
---------------+----------------------------------------------------------+-----
Fighting       | 10 12 14 17 19 23 27 | 27.0
Axes           | 4 6 9 13 17 24 27 | 27.0
Throwing       | 9 11 12 13 15 17 23 27 | 27.0
Dodging        | 17 19 21 23 24 27 | 27.0
Unarmed Combat | 17 19 21 23 25 27 | 27.0
Armour         | 2 7 21 23 | 23.0

Action                     |  1- 3 |  4- 6 |  7- 9 | 10-12 | 13-15 | 16-18 | 19-21 || total
---------------------------+-------+-------+-------+-------+-------+-------+-------++-------
  Melee: Executioner's axe |     1 |       |       |     1 |     5 |     9 |     1 ||    17
  Dodge: Dodged            |       |       |       |       |     1 |       |       ||     1

Table legend: (Time is in decaauts)
 A = Elapsed time spent in this place.
 B = Non-inter-level travel time spent in this place.
 C = Inter-level travel time spent in this place.
 D = Time resting spent in this place.
 E = Time spent auto-exploring this place.
 F = Levels seen in this place.
 G = Mean time per level.
                   A        B        C        D        E       F      G
               +--------+--------+--------+--------+--------+-----+--------+
         Total |     30 |     30 |      0 |      0 |      0 |   1 |   30.0 |
       Dungeon |     30 |     30 |      0 |      0 |      0 |   1 |   30.0 |
               +--------+--------+--------+--------+--------+-----+--------+

Top non-repeatable levels by time:
       D: 30 daAuts
